 Dungeon Crawl Stone Soup version 0.31-a0-795-g5eb97db20b (webtiles) character file.

Game seed: 9615350580191229647

1771 Babbit the Frost Mage (level 8, 0/50 (61) HPs)
             Began as a Pale Draconian Ice Elementalist on Sept 18, 2023.
             Slain by a wight
             ... wielding a +4 long sword
              (2 damage)
             ... on level 6 of the Dungeon.
             The game lasted 00:37:31 (6027 turns).

Babbit the Frost Mage (DrIE)                        Turns: 6027, Time: 00:37:31

HP:   0/50 (61)     AC: 18    Str: 10    XL:     8   Next: 80%
MP:   12/19         EV: 12    Int: 17    God:
Gold: 375           SH:  0    Dex: 13    Spells: 17/21 levels left

rFire   + . .        i - staff of fire
rCold   + . .        (no shield)
rNeg    . . .        (body armour unavailable)
rPois   .            (helmet restricted)
rElec   .            q - +0 cloak
rCorr   .            o - +2 pair of gloves {hurl}
SInv    .            a - +0 pair of boots
Will    .....        p - amulet of the acrobat
Stlth   ++           m - ring of protection from cold
HPRegen 0.28/turn    (no ring)
MPRegen 0.16/turn

%: acrobat
@: ice-armoured (expiring), heavily drained
A: breathe steam, AC +6, unfitting armour, cold-blooded, steam resistance
a: Breathe Steam


You were on level 6 of the Dungeon.
You visited 1 branch of the dungeon, and saw 6 of its levels.

You collected 375 gold pieces.

Inventory:

Armour
 a - a +0 pair of boots (worn)
 o - a +2 pair of gloves of hurling (worn)
 q - a +0 cloak (worn)
Magical Staves
 i - a staff of fire (weapon)
Jewellery
 m - a ring of protection from cold (left hand)
 p - an amulet of the acrobat (around neck)
Scrolls
 b - a scroll of enchant weapon {unknown}
 f - 2 scrolls of teleportation
 k - a scroll of identify {unknown}
 l - a scroll of poison {unknown}
 n - a scroll of blinking {unknown}
 r - a scroll of revelation {unknown}
 u - a scroll of enchant armour {unknown}
Potions
 c - a potion of brilliance {unknown}
 d - a potion of heal wounds {unknown}
 e - a potion of magic
 g - 3 potions of curing
 h - a potion of lignification {unknown}
 j - 2 potions of degeneration {unknown}
 s - a potion of attraction {unknown}
 v - a potion of enlightenment {unknown}


   Skills:
 + Level 2.0 Fighting
 + Level 0.3 Staves
 + Level 1.1 Throwing
 + Level 2.7 Dodging
 + Level 2.4 Stealth
 + Level 7.4 Spellcasting
 + Level 8.1 Ice Magic
 + Level 0.3 Evocations


You had 17 spell levels left.
You knew the following spells:

 Your Spells              Type           Power      Damage    Failure   Level
a - Freeze                Ice            100%       1d10      1%          1
b - Ozocubu's Armour      Ice            34%        N/A       1%          3

Your spell library contained the following spells:

 Spells                   Type           Power      Damage    Failure   Level
 Frozen Ramparts          Ice            68%        1d11      1%          3
 Blink                    Tloc           12%        N/A       17%         2
 Lesser Beckoning         Tloc           12%        N/A       17%         2
 Momentum Strike          Conj/Tloc      12%        3d8       17%         2
 Summon Ice Beast         Ice/Summ       20%        N/A       21%         4
 Gell's Gravitas          Tloc           6%         N/A       32%         3
 Teleport Other           Tloc           6%         N/A       32%         3
 Dispersal                Tloc           3%         N/A       100%        6


Dungeon Overview and Level Annotations

Branches:
Dungeon (6/15)
 Temple: D:4-7

Altars:
Fedhas
Gozag
Makhleb
Wu Jian
Xom

Shops:
D:2 (


Innate Abilities, Weirdness & Mutations

You can breathe blasts of scalding, opaque steam.
Your pale cyan-grey scales are hard. (AC +6)
You cannot fit into any form of body armour.
You are cold-blooded and may be slowed by cold attacks.
You are immune to the effects of steam.


Message History

Press: ? - help, Q - select action, (/) - cycle Shift-Dir - straight line, f/p - wight
Aim: a wight, wielding a +4 long sword and wearing a +0 robe (heavily damaged)
You freeze the wight.
The wight resists.
The wight is severely damaged.
The wight closely misses you.
Aiming: Freeze (safe; 1% risk of failure)
Press: ? - help, Q - select action, (/) - cycle Shift-Dir - straight line, f/p - wight
Aim: a wight, wielding a +4 long sword and wearing a +0 robe (severely damaged)
You freeze the wight but do no damage.
The wight completely resists.
The wight hits you with a +4 long sword.
* * * LOW HITPOINT WARNING * * *
Okay, then.
Aiming: Freeze (safe; 1% risk of failure)
Press: ? - help, Q - select action, (/) - cycle Shift-Dir - straight line, f/p - wight
Aim: a wight, wielding a +4 long sword and wearing a +0 robe (severely damaged)
You freeze the wight but do no damage.
The wight completely resists.
The wight hits you but does no damage.
Aiming: Freeze (safe; 1% risk of failure)
Press: ? - help, Q - select action, (/) - cycle Shift-Dir - straight line, f/p - wight
Aim: a wight, wielding a +4 long sword and wearing a +0 robe (severely damaged)
You freeze the wight.
The wight resists.
The wight is severely damaged.
The wight misses you.
You hit the wight.
You tail-slap the wight, but do no damage.
The wight is almost destroyed.
The wight closely misses you.
You hit the wight but do no damage.
The wight is almost destroyed.
The wight hits you with a +4 long sword.
* * * LOW HITPOINT WARNING * * *
The wight hits you with a +4 long sword!
* * * LOW HITPOINT WARNING * * *
You feel drained.
* * * LOW HITPOINT WARNING * * *
You barely miss the wight.
The wight is almost destroyed.
Your icy armour starts to melt.
The wight hits you with a +4 long sword.
You die...

##........ >........
.... # #....... #...##.
..#...... ..#....
#........ ....#.. .
.......###.......#### .
#.##..#.#....# ......#..
.......@z..# #..#.#..
......>.)..## #(.....#
.........)..######...=..
...........(..)z.z.#....
........###..#####......
...........#...........#
.....#.###.............#
[....#. ########......#
... #. #....#.#


You could see a wight.

Vanquished Creatures
  Sigmund (D:4)
  A steam dragon (D:5)
  An ice beast (D:5)
  3 ogres
  Blork the orc (D:4)
  A phantom (D:4)
  2 bullfrogs (D:5)
  A kobold brigand (D:3)
  3 wights (D:6)
  3 hounds (D:4)
  3 jellies
  2 orc priests (D:5)
  3 sleepcaps
  Ijyb (D:3)
  2 iguanas (D:5)
  2 orc wizards (D:5)
  Natasha (twice) (D:3)
  A mummy (D:4)
  7 adders
  A white imp (D:5)
  6 worms
  8 orcs
  4 ball pythons
  2 bats
  7 endoplasms
  4 giant cockroaches
  A goblin (D:3)
  2 hobgoblins (D:3)
  2 jackals (D:3)
  A quokka (D:4)
  2 frilled lizards (D:1)
  9 kobolds
  3 rats
92 creatures vanquished.

Notes
Turn   | Place    | Note
-------+----------+-------------------------------------------
     0 | D:1      | Babbit the Draconian Ice Elementalist began the quest for
                  | the Orb.
     0 | D:1      | Reached XP level 1. HP: 14/14 MP: 3/3
   623 | D:1      | Found a faded altar of an unknown god.
  1067 | D:2      | Reached XP level 2. HP: 19/20 MP: 0/5
  1325 | D:2      | Found Goecze Zisa's Weapon Emporium.
  1739 | D:3      | Reached XP level 3. HP: 26/26 MP: 2/6
  1835 | D:3      | Noticed a kobold brigand
  1850 | D:3      | HP: 1/26 [kobold brigand/+0 club (6)]
  1851 | D:3      | Killed a kobold brigand
  1852 | D:3      | Reached skill level 5 in Ice Magic
  1852 | D:3      | Reached XP level 4. HP: 1/34 MP: 3/8
  2190 | D:3      | Noticed an ogre
  2201 | D:3      | Killed an ogre
  2202 | D:3      | Reached XP level 5. HP: 14/39 MP: 1/10
  2366 | D:3      | Found a burning altar of Makhleb.
  2367 | D:3      | Noticed Natasha
  2376 | D:3      | Killed Natasha
  2508 | D:3      | Noticed Ijyb
  2517 | D:3      | Killed Ijyb
  2613 | D:3      | Reached XP level 6. HP: 46/46 MP: 9/12
  2738 | D:3      | Noticed Natasha
  2741 | D:3      | Killed Natasha
  3118 | D:4      | Reached skill level 6 in Ice Magic
  3236 | D:4      | Reached skill level 1 in Fighting
  3289 | D:4      | Found an ornate altar of the Wu Jian Council.
  3294 | D:4      | Noticed Sigmund
  3312 | D:4      | Killed Sigmund
  3313 | D:4      | Reached skill level 5 in Spellcasting
  3313 | D:4      | Your scales start taking on a pale cyan-grey colour.
  3313 | D:4      | Reached XP level 7. HP: 52/52 MP: 7/14
  3313 | D:4      | Gained mutation: You are immune to the effects of steam.
                  | [Pale Draconian growth]
  3372 | D:4      | Learned a level 3 spell: Ozocubu's Armour
  3424 | D:4      | Found an opulent altar of Gozag.
  3551 | D:4      | Noticed Blork the orc
  3560 | D:4      | Killed Blork the orc
  4306 | D:4      | Found a blossoming altar of Fedhas.
  4346 | D:5      | Entered Level 5 of the Dungeon
  4531 | D:5      | Reached skill level 7 in Ice Magic
  4689 | D:5      | Reached XP level 8. HP: 46/59 MP: 12/17
  4769 | D:5      | Found a shimmering altar of Xom.
  5613 | D:6      | Reached skill level 8 in Ice Magic
  5991 | D:6      | Reached skill level 1 in Throwing
  6026 | D:6      | HP: 2/52 [wight/+4 long sword (9)]
  6027 | D:6      | Slain by a wight

Illustrated notes

Levels and vault maps discovered:
D:1:      saegor_arrival_simple_c, layout_loops_corners,
          shapermc_ecumenical_altar_ellora, corexii_leaking_fountain
D:2:      layout_rooms, serial_shops, nicolae_shop_bloodbath_and_beyond
D:3:      layout_basic, mainiacjoe_overflow_cross_hatched, uniq_ijyb,
          uniq_natasha
D:4:      minmay_evil_eye, layout_loops_corners, lemuel_crystal_altar,
          fedhas_altar_decomposition,
          nicolae_gozag_cash_rules_everything_around_me,
          gup_ossuary_entry_pyramid, minmay_fractal_squares_gapless_5,
          uniq_blork_the_orc, uniq_sigmund
D:5:      layout_loops_cross, mainiacjoe_overflow_concentric_impassable
D:6:      layout_rooms, zin_academy, uniq_crazy_yiuf_cottage

Skill      XL: |  1  2  3  4  5  6  7  8 |
---------------+-------------------------+-----
Spellcasting   | 3 4 5 6 7 |  7.4
Ice Magic      | 5 6 7 8 |  8.1
Stealth        | 2 |  2.4
Dodging        | 2 |  2.7
Fighting       | 1 2 |  2.0
Throwing       | 1 |  1.1
Staves         | |  0.3
Evocations     | |  0.3

Action                     |  1- 3 |  4- 6 |  7- 9 || total
---------------------------+-------+-------+-------++-------
  Melee: Unarmed           |     7 |       |       ||     7
         Tailslap          |     2 |     1 |    15 ||    18
         Staff             |       |     1 |    72 ||    73
         Punch             |       |       |     1 ||     1
  Throw: Dart              |       |       |     3 ||     3
   Cast: Freeze            |    46 |    73 |   163 ||   282
         Ozocubu's Armour  |       |       |     3 ||     3
Ability: Breathe Steam     |       |       |     3 ||     3
  Evoke: Wand              |       |       |     7 ||     7
    Use: Potion            |     2 |       |       ||     2
         Scroll            |       |       |     2 ||     2
 Armour: Skin              |    31 |    35 |   148 ||   214
  Dodge: Dodged            |    25 |    31 |   128 ||   184

Table legend: (Time is in decaauts)
 A = Elapsed time spent in this place.
 B = Non-inter-level travel time spent in this place.
 C = Inter-level travel time spent in this place.
 D = Time resting spent in this place.
 E = Time spent auto-exploring this place.
 F = Levels seen in this place.
 G = Mean time per level.
                   A        B        C        D        E       F      G
               +--------+--------+--------+--------+--------+-----+--------+
         Total |   6049 |   5988 |     61 |   1585 |   3088 |   6 | 1008.2 |
       Dungeon |   6049 |   5988 |     61 |   1585 |   3088 |   6 | 1008.2 |
               +--------+--------+--------+--------+--------+-----+--------+

Top non-repeatable levels by time:
     D:4: 1662 daAuts
     D:3: 1182 daAuts
     D:5: 1165 daAuts
     D:1: 1045 daAuts
     D:2: 636 daAuts
     D:6: 357 daAuts
